 Dungeon Crawl Stone Soup version 0.30.0-18-gc0e69614cb (webtiles) character file.

Game seed: 16730999276351713915

7 wingedge the Caller (level 2, -1/18 HPs)
             Began as an Octopode Summoner on May 23, 2023.
             Succumbed to a kobold's poison
             ... on level 1 of the Dungeon.
             The game lasted 00:02:23 (248 turns).

wingedge the Caller (Octopode Summoner)              Turns: 248, Time: 00:02:23

Health: -1/18      AC:  1    Str:  7    XL:     2   Next: 0%
Magic:  1/5        EV: 13    Int: 17    God:
Gold:   9          SH:  0    Dex: 12    Spells: 4/5 levels left

rFire   . . .        c - +0 dagger
rCold   . . .        (no shield)
rNeg    . . .        (helmet restricted)
rPois   .            (no amulet)
rElec   .            (no ring)
rCorr   .            (no ring)
SInv    .            (no ring)
Will    .....        (no ring)
Stlth   +++          (no ring)
HPRegen 0.23/turn    (no ring)
MPRegen 0.09/turn    (no ring)
                     (no ring)

%: no passive effects
@: lethally poisoned (-1 -> -6)
A: almost no armour, amphibious, 8 rings, camouflage 1, gelatinous body 1,
(nimble swimmer 1), tentacles
a: no special abilities


You were on level 1 of the Dungeon.
You visited 1 branch of the dungeon, and saw 1 of its levels.

You collected 9 gold pieces.

Inventory:

Hand Weapons
 c - a +0 dagger (weapon)
Missiles
 b - 2 poisoned darts
Potions
 a - a potion of magic


   Skills:
 + Level 1.0 Fighting
 - Level 2.0 Dodging
 - Level 2.6 Stealth
 - Level 2.0 Spellcasting
 + Level 4.2 Summonings


You had 4 spell levels left.
You knew the following spells:

 Your Spells              Type           Power      Damage    Failure   Level
a - Summon Small Mammal   Summ           60%        N/A       3%          1

Your spell library contained the following spells:

 Spells                   Type           Power      Damage    Failure   Level
 Call Imp                 Summ           30%        N/A       5%          2
 Call Canine Familiar     Summ           15%        N/A       11%         3
 Summon Guardian Golem    Hex/Summ       8%         N/A       24%         3
 Summon Lightning Spire   Summ/Air       8%         N/A       63%         4


Dungeon Overview and Level Annotations

Branches:
Dungeon (1/15)

Altars:

Annotations:
D:1 1 transporter


Innate Abilities, Weirdness & Mutations

You cannot wear most types of armour.
You are amphibious.
You can wear up to eight rings at the same time.
Your skin changes colour to match your surroundings (Stealth+).
Your rubbery body absorbs attacks. (AC +1, EV +1)
((You are camouflaged when in or above water. (Stealth+)))
You have tentacles for arms and can constrict up to eight enemies at once.


Message History

The poisoned dart barely misses you.
The poisoned dart closely misses your bat.
Things that are here:
a ball python corpse; a goblin corpse You feel sick.
The kobold barely misses your bat.
You feel sick.
Your bat misses the kobold. Your bat hits the kobold.
The kobold hits your rat with a +0 club.
Your rat dies!
Your rat's corpse disappears in a puff of smoke!
You feel sick.
You are no longer poisoned.
The kobold hits your bat with a +0 club.
Your bat barely misses the kobold.
Your bat hits the kobold but does no damage.
The kobold throws a poisoned dart.
The poisoned dart hits you.
You are poisoned.
You feel sick.
Your bat closely misses the kobold.
The kobold throws a poisoned dart.
The poisoned dart misses your bat. The poisoned dart hits you!
You are lethally poisoned!
* * * LOW HITPOINT WARNING * * *
You feel very sick.
The kobold throws a poisoned dart.
The poisoned dart barely misses you.
* * * LOW HITPOINT WARNING * * *
You feel sick.
Okay, then.
Casting: Summon Small Mammal (safe; 3% risk of failure)
Confirm with . or Enter, or press ? or * to list all spells.
You don't know that spell.
Unknown command.
You swap places.
* * * LOW HITPOINT WARNING * * *
You feel sick.
* * * LOW HITPOINT WARNING * * *
You feel sick.
Your bat misses the kobold. The kobold completely misses your bat.
A jackal comes into view.
Casting: Summon Small Mammal (safe; 3% risk of failure)
Confirm with . or Enter, or press ? or * to list all spells.
You die...

..'.......†.'......#.#.#.......>
###.........###....##.#.##.###..
###.........# #....###<#...#
..#.........# #....##©#.##.#
..########### ##########.# # ..#
##.####### ## ..# ##..b.©##...
..###########......##...
..'..†..........@..##.
..##########.###.b..#. .##
#.##.†..####. .# ..#..K.......
.# ######.####### .# h... .#
.#.### .# #.$.. . .##


You could see a jackal, a kobold (ally target) and 2 friendly bats.

Vanquished Creatures
  2 ball pythons (D:1)
  2 bats (D:1)
4 creatures vanquished.

Vanquished Creatures (collateral kills)
  A goblin (D:1)
  A hobgoblin (D:1)
2 creatures vanquished.

Grand Total: 6 creatures vanquished

Notes
Turn   | Place    | Note
-------+----------+-------------------------------------------
     0 | D:1      | wingedge the Octopode Summoner began the quest for the Orb.
     0 | D:1      | Reached XP level 1. HP: 11/11 MP: 3/3
   205 | D:1      | Reached skill level 1 in Fighting
   205 | D:1      | Reached XP level 2. HP: 18/18 MP: 1/5
   248 | D:1      | Succumbed to a kobold's poison

Illustrated notes

Levels and vault maps discovered:
D:1:      spicycebolla_arrival_risky_transporter, layout_basic, minmay_unequal

Skill      XL: |  1 |
---------------+----+-----
Fighting       | 1 |  1.0
Dodging        | |  2.0
Stealth        | |  2.6
Spellcasting   | |  2.0
Summonings     | |  4.2

Action                     || total
---------------------------++-------
  Melee: Unarmed           ||     7
         Constrict         ||     3
         Tentacles         ||     2
         Dagger            ||     1
   Cast: Summon Small Mamm ||    14
   Stab: Sleeping          ||     1
 Armour: Skin              ||     1
  Dodge: Dodged            ||     9
